 Dungeon Crawl Stone Soup version 0.23.2-1-ga50397a (webtiles) character file.

Game seed: 18031995436178958105

2378 diana the Vexing (level 9, -11/67 (68) HPs)
             Began as a Gnoll Arcane Marksman on May 2, 2019.
             Was a Believer of Okawaru.
             Mangled by a gnoll sergeant
             ... wielding a +4 trident of freezing
              (15 damage)
             ... on level 8 of the Dungeon.
             The game lasted 00:17:34 (7899 turns).

diana the Vexing (Gnoll Arcane Marksman)            Turns: 7899, Time: 00:17:36

HP:   -11/67 (68)   AC:  6    Str: 12    XL:     9   Next: 45%
MP:   12/25         EV: 16    Int: 17    God:    Okawaru [**....]
Gold: 243           SH:  7    Dex: 18    Spells: 9/18 levels left

rFire    + . .     SeeInvis .   a - +0 hand crossbow
rCold    . . .     Gourm    .   J - +2 buckler
rNeg     . . .     Faith    .   A - +1 leather armour {rF+}
rPois    .         Spirit   .   (no helmet)
rElec    .         Reflect  .   (no cloak)
rCorr    .         Harm     .   b - +0 pair of gloves
MR       .....                  c - +0 pair of boots
Stlth    +++.......             (no amulet)
HPRegen  0.21/turn              r - ring of magical power
MPRegen  0.19/turn              (no ring)

@: no status effects
A: distributed training, fangs 1, strong nose
a: Heroism, Renounce Religion


You were on level 8 of the Dungeon.
You worshipped Okawaru.
Okawaru was pleased with you.
You were not hungry.

You visited 2 branches of the dungeon, and saw 9 of its levels.

You collected 318 gold pieces.
You spent 75 gold pieces at shops.

Inventory:

Hand Weapons
 a - a +0 hand crossbow (weapon)
 q - a +0 flail
Missiles
 d - 56 bolts (quivered)
 e - 2 throwing nets
 g - 7 tomahawks
Armour
 b - a +0 pair of gloves (worn)
 c - a +0 pair of boots (worn)
 y - the +3 ring mail of Boredom {+Blink rCorr Stlth+, unknown}
   (You found it on level 8 of the Dungeon)

   It lets you blink.
   It provides partial protection from all sources of acid and corrosion.
   It makes you more stealthy.
 A - a +1 leather armour of fire resistance (worn)
 J - a +2 buckler (worn)
Jewellery
 r - a ring of magical power (left hand)
 z - an uncursed amulet of faith
 H - an uncursed ring of poison resistance {unknown}
Wands
 m - a wand of iceblast (6)
 t - a wand of enslavement (8)
 B - a wand of random effects (15)
 F - a wand of clouds (7)
 I - a wand of disintegration (7)
Scrolls
 h - 5 scrolls of remove curse
 i - a scroll of fog {unknown}
 j - 2 scrolls of enchant armour
 k - a scroll of noise
 l - 3 scrolls of teleportation
 o - a scroll of fear {unknown}
 p - a scroll of blinking {unknown}
 s - a scroll of magic mapping {unknown}
 x - 2 scrolls of enchant weapon
 E - a scroll of torment {unknown}
Potions
 n - 3 potions of lignification {unknown}
 u - a potion of invisibility {unknown}
 v - a potion of haste
 w - 5 potions of curing
 C - 2 potions of heal wounds {unknown}
 D - a potion of degeneration
 G - a potion of cancellation {unknown}
Comestibles
 f - 21 rations


   Skills:
 + Level 5.0 Fighting
 + Level 4.2 Short Blades
 + Level 4.2 Long Blades
 + Level 4.2 Axes
 + Level 4.2 Maces & Flails
 + Level 4.2 Polearms
 + Level 4.2 Staves
 + Level 4.2 Slings
 + Level 4.2 Bows
 + Level 6.3 Crossbows
 + Level 4.2 Throwing
 + Level 4.2 Armour
 + Level 6.3 Dodging
 + Level 4.2 Stealth
 + Level 4.2 Shields
 + Level 4.2 Unarmed Combat
 + Level 5.1 Spellcasting
 + Level 3.4 Conjurations
 + Level 6.5 Hexes
 + Level 3.4 Charms
 + Level 3.4 Summonings
 + Level 3.4 Necromancy
 + Level 3.4 Translocations
 + Level 3.4 Transmutations
 + Level 3.4 Fire Magic
 + Level 3.4 Ice Magic
 + Level 3.4 Air Magic
 + Level 3.4 Earth Magic
 + Level 3.4 Poison Magic
 + Level 4.6 Invocations
 + Level 4.2 Evocations


You had 9 spell levels left.
You knew the following spells:

 Your Spells              Type           Power        Failure   Level  Hunger
a - Corona                Hex            ####...      1%          1    None
b - Slow                  Hex            ####....     1%          2    #......
c - Inner Flame           Hex/Fire       ###.....     7%          3    ###....
d - Portal Projectile     Hex/Tloc       ###...       7%          3    ###....

Your spell library contained the following spells:

 Spells                   Type           Power        Failure   Level  Hunger
 Flame Tongue             Conj/Fire      ###..        4%          1    None
 Throw Flame              Conj/Fire      ###...       7%          2    #......
 Cause Fear               Hex            ####......   12%         4    ####...
 Conjure Flame            Conj/Fire      ###.....     13%         3    ###....
 Leda's Liquefaction      Hex/Erth       ###.......   22%         4    ####...
 Sticky Flame             Conj/Fire      ###.....     41%         4    ####...
 Fireball                 Conj/Fire      ###.......   77%         5    ######.


Dungeon Overview and Level Annotations

Branches:
Dungeon (8/15)             Temple (1/1) D:4
   Lair: D:8-11

Altars:
Cheibriados
Dithmenos
Elyvilon
Fedhas
Gozag
Hepliaklqana
Kikubaaqudgha
Makhleb
Nemelex Xobeh
Okawaru
Qazlal
Ru
Sif Muna
Trog
Wu Jian
Yredelemnul
Zin
The Shining One
Lugonu

Shops:
D:4 *


Innate Abilities, Weirdness & Mutations

Your experience applies equally to all skills.
You have very sharp teeth.
Your uncanny sense of smell can sniff out nearby items.


Message History

Firing (i - inventory. (/) - cycle)
d - 58 bolts (quivered)
Press: ? - help, Shift-Dir - straight line, f/p - gnoll
Aim: a gnoll, wielding a +0 spear (almost dead, inner flame)
You shoot a bolt. The bolt hits the hippogriff!
The hippogriff is moderately wounded.
The gnoll barely misses you. You block the gnoll's attack.
You block the hippogriff's attack. x2; The hippogriff closely misses you.
The gnoll hits you but does no damage. The gnoll sergeant barely misses you.
You block the gnoll's attack.
Unknown command.
Firing (i - inventory. (/) - cycle)
d - 57 bolts (quivered)
Press: ? - help, Shift-Dir - straight line, f/p - gnoll
Aim: a gnoll, wielding a +0 spear (almost dead, inner flame)
You shoot a bolt. The bolt hits the hippogriff!
The hippogriff is severely wounded.
The hippogriff barely misses you. The hippogriff misses you.
You block the hippogriff's attack. The gnoll barely misses you.
The gnoll completely misses you.
The gnoll sergeant hits you from afar with a +4 trident of freezing!
You die...

#......... #.###........
#g........ #.......####.
##........ ####....#####.
#........########.............
#.......(............#####.##.
#........((.g.g##..#.##.......
###.######.(gg.
#..##.##.##.... ##....#
#gH###.##.....###### #..# ##
##g@........### #.####
###.....###..##
.....#######...#...###...##
.#...............#........#
#####
.#...#################.#..#
#.... ##.).# ##...## #.#..#
#.... ##...###.....##
#.#..###.... #######.......#
##.#...####.# # #.......#
##..#...# ##.#


You could see a hippogriff, a gnoll sergeant and 4 gnolls.

Vanquished Creatures
  A spriggan (D:7)
  Menkaure (D:7)
  2 water moccasins
  Duvessa (D:7)
  A black bear (D:8)
  A sky beast (D:6)
  A necrophage (D:8)
  2 phantoms
  Blork the orc (D:6)
  3 bullfrogs
  5 scorpions
  Dowan (D:7)
  4 crimson imps
  5 hounds
  An orc priest (D:8)
  A centaur skeleton (D:5)
  2 iguanas
  2 orc wizards (D:4)
  4 worker ants
  A worker ant zombie (D:6)
  7 gnolls
  5 adders
  A howler monkey skeleton (D:4)
  2 shadow imps
  3 oozes
  An adder zombie (D:7)
  2 worms
  2 dart slugs
  9 leopard geckos
  14 orcs
  4 giant cockroaches
  2 gnoll zombies (D:6)
  3 goblins
  8 hobgoblins
  6 kobolds
  5 quokkas
  4 bats
  3 frilled lizards
  A jackal skeleton (D:7)
  A leopard gecko zombie (D:6)
  5 rats
128 creatures vanquished.

Notes
Turn   | Place    | Note
-------+----------+-------------------------------------------
     0 | D:1      | diana the Gnoll Arcane Marksman began the quest for the
                  | Orb.
     0 | D:1      | Reached XP level 1. HP: 17/17 MP: 4/4
   383 | D:1      | Reached XP level 2. HP: 13/23 MP: 5/5
  1146 | D:1      | You fall through a shaft!
  1375 | D:2      | Learned a level 2 spell: Slow
  1570 | D:2      | Reached XP level 3. HP: 22/28 MP: 7/7
  1930 | D:2      | Reached skill level 1 in Invocations
  2014 | D:2      | Reached skill level 1 in Short Blades
  2014 | D:2      | Reached skill level 1 in Long Blades
  2014 | D:2      | Reached skill level 1 in Axes
  2014 | D:2      | Reached skill level 1 in Maces & Flails
  2014 | D:2      | Reached skill level 1 in Polearms
  2014 | D:2      | Reached skill level 1 in Staves
  2014 | D:2      | Reached skill level 1 in Slings
  2014 | D:2      | Reached skill level 1 in Bows
  2014 | D:2      | Reached skill level 1 in Throwing
  2014 | D:2      | Reached skill level 1 in Armour
  2014 | D:2      | Reached skill level 1 in Stealth
  2014 | D:2      | Reached skill level 1 in Shields
  2014 | D:2      | Reached skill level 1 in Unarmed Combat
  2014 | D:2      | Reached skill level 1 in Evocations
  2127 | D:2      | Reached XP level 4. HP: 34/34 MP: 8/8
  2132 | D:2      | Learned a level 3 spell: Inner Flame
  2570 | D:3      | Found a snail-covered altar of Cheibriados.
  2840 | D:3      | Noticed a water moccasin
  2948 | D:3      | Killed a water moccasin
  2948 | D:3      | Reached skill level 1 in Conjurations
  2948 | D:3      | Reached skill level 1 in Charms
  2948 | D:3      | Reached skill level 1 in Summonings
  2948 | D:3      | Reached skill level 1 in Necromancy
  2948 | D:3      | Reached skill level 1 in Translocations
  2948 | D:3      | Reached skill level 1 in Transmutations
  2948 | D:3      | Reached skill level 1 in Fire Magic
  2948 | D:3      | Reached skill level 1 in Ice Magic
  2948 | D:3      | Reached skill level 1 in Air Magic
  2948 | D:3      | Reached skill level 1 in Earth Magic
  2948 | D:3      | Reached skill level 1 in Poison Magic
  2948 | D:3      | Reached XP level 5. HP: 12/41 MP: 5/9
  3590 | D:4      | Learned a level 3 spell: Portal Projectile
  3596 | D:4      | Reached XP level 6. HP: 24/47 MP: 10/10
  3599 | D:4      | Found a staircase to the Ecumenical Temple.
  3625 | D:4      | Reached skill level 5 in Crossbows
  3625 | D:4      | Reached skill level 5 in Dodging
  3740 | D:4      | Found a deep blue altar of Sif Muna.
  3897 | Temple   | Entered the Ecumenical Temple
  3908 | Temple   | Became a worshipper of Warmaster Okawaru
  3930 | D:4      | Reached XP level 7. HP: 52/52 MP: 12/12
  4095 | D:4      | Found Siheynad's General Store.
  4118 | D:4      | Bought a potion of curing for 30 gold pieces
  4118 | D:4      | Bought a +0 buckler for 45 gold pieces
  4222 | D:5      | Entered Level 5 of the Dungeon
  4507 | D:5      | Found a glowing silver altar of Zin.
  4511 | D:5      | Found a glowing golden altar of the Shining One.
  4511 | D:5      | Found a white marble altar of Elyvilon.
  4715 | D:5      | Found a stormy altar of Qazlal.
  4719 | D:5      | Found a blossoming altar of Fedhas.
  4719 | D:5      | Found a hazy altar of Hepliaklqana.
  5082 | D:5      | Found an ancient bone altar of Kikubaaqudgha.
  5453 | D:6      | Noticed Blork the orc
  5573 | D:6      | Found a burning altar of Makhleb.
  5618 | D:6      | Reached XP level 8. HP: 50/60 MP: 14/14
  5721 | D:6      | Reached * piety under Okawaru
  5775 | D:6      | Found an opulent altar of Gozag.
  5917 | D:6      | Killed Blork the orc
  6185 | D:6      | Found a bloodstained altar of Trog.
  6451 | D:6      | Found a basalt altar of Yredelemnul.
  6705 | D:7      | Noticed Menkaure
  6709 | D:7      | Noticed Duvessa
  6709 | D:7      | Noticed Dowan
  6710 | D:7      | Killed Menkaure
  6725 | D:7      | Killed Duvessa
  6725 | D:7      | Killed Dowan
  6882 | D:7      | Reached ** piety under Okawaru
  6882 | D:7      | Reached XP level 9. HP: 56/66 MP: 16/16
  7325 | D:7      | Found a shadowy altar of Dithmenos.
  7505 | D:8      | Noticed a red ugly thing
  7581 | D:8      | Reached skill level 5 in Spellcasting
  7793 | D:8      | Got a polished ring mail
  7858 | D:8      | Reached skill level 5 in Fighting
  7899 | D:8      | Mangled by a gnoll sergeant

Skill      XL: |  1  2  3  4  5  6  7  8  9 |
---------------+----------------------------+-----
Invocations    | 1 2 3 4 |  4.6
Short Blades   | 1 2 3 4 |  4.2
Long Blades    | 1 2 3 4 |  4.2
Axes           | 1 2 3 4 |  4.2
Maces & Flails | 1 2 3 4 |  4.2
Polearms       | 1 2 3 4 |  4.2
Staves         | 1 2 3 4 |  4.2
Slings         | 1 2 3 4 |  4.2
Bows           | 1 2 3 4 |  4.2
Throwing       | 1 2 3 4 |  4.2
Armour         | 1 2 3 4 |  4.2
Stealth        | 1 2 3 4 |  4.2
Shields        | 1 2 3 4 |  4.2
Unarmed Combat | 1 2 3 4 |  4.2
Evocations     | 1 2 3 4 |  4.2
Spellcasting   | 3 4 5 |  5.1
Fighting       | 3 4 5 |  5.0
Conjurations   | 1 2 3 |  3.4
Charms         | 1 2 3 |  3.4
Summonings     | 1 2 3 |  3.4
Necromancy     | 1 2 3 |  3.4
Translocations | 1 2 3 |  3.4
Transmutations | 1 2 3 |  3.4
Fire Magic     | 1 2 3 |  3.4
Ice Magic      | 1 2 3 |  3.4
Air Magic      | 1 2 3 |  3.4
Earth Magic    | 1 2 3 |  3.4
Poison Magic   | 1 2 3 |  3.4
Crossbows      | 5 6 |  6.3
Dodging        | 5 6 |  6.3
Hexes          | 6 |  6.5

Action                   |  1- 3 |  4- 6 |  7- 9 || total
-------------------------+-------+-------+-------++-------
Melee: Spear             |    66 |       |       ||    66
       Club              |     5 |       |       ||     5
       Bite              |     4 |       |       ||     4
 Fire: Hand crossbow     |    58 |    91 |   306 ||   455
 Cast: Corona            |       |     3 |       ||     3
       Slow              |       |     2 |     5 ||     7
       Inner Flame       |       |       |     5 ||     5
       Portal Projectile |       |       |    14 ||    14
  Use: Scroll            |       |       |     8 ||     8
 Stab: Sleeping          |     2 |       |       ||     2
  Eat: Chunk             |     3 |     2 |    12 ||    17
       Ration            |       |     1 |     1 ||     2
Armor: Robe              |     7 |     4 |     1 ||    12
       Leather armour    |       |       |    19 ||    19
Dodge: Dodged            |    45 |    32 |   112 ||   189
Block: Buckler           |       |       |    44 ||    44
